 Dungeon Crawl Stone Soup version 0.31-a0-1539-g569d6c7 (webtiles) character file.

Game seed: 9310428736557704470

4 PublicAnimeNo1 the Apothecary (level 1, -2/13 HPs)
             Began as a Demonspawn Alchemist on Jan 1, 2024.
             Slain by a jackal (3 damage)
             ... on level 1 of the Dungeon.
             The game lasted 00:00:45 (35 turns).

PublicAnimeNo1 the Apothecary (Demonspawn Alchemist)  Turns: 35, Time: 00:00:45

Health: -2/13      AC:  2    Str:  8    XL:     1   Next: 50%
Magic:  0/3        EV: 12    Int: 15    God:
Gold:   0          SH:  0    Dex: 13    Spells: 3/4 levels left

rFire   . . .        (no weapon)
rCold   . . .        (no shield)
rNeg    . . .        a - +0 robe
rPois   .            (no helmet)
rElec   .            (no cloak)
rCorr   .            (no gloves)
SInv    .            (no boots)
Will    .....        (no amulet)
Stlth   ++           (no ring)
HPRegen 0.22/turn    (no ring)
MPRegen 0.08/turn

%: no passive effects
@: no status effects
A: no striking features
a: no special abilities


You were on level 1 of the Dungeon.
You visited 1 branch of the dungeon, and saw 1 of its levels.

Inventory:

Armour
 a - a +0 robe (worn)


   Skills:
 + Level 0.2 Fighting
 - Level 1.7 Dodging
 + Level 1.8 Stealth
 + Level 2.0 Spellcasting
 + Level 1.1 Conjurations
 * Level 3.0 Alchemy


You had 3 spell levels left.
You knew the following spells:

 Your Spells              Type           Power      Damage    Failure   Level
a - Sting                 Conj/Alch      28%        1d4       10%         1

Your spell library contained the following spells:

 Spells                   Type           Power      Damage    Failure   Level
 Mercury Vapours          Alch/Air       12%        N/A       19%         2
 Mephitic Cloud           Conj/Alch/Air  5%         N/A       36%         3
 Olgreb's Toxic Radiance  Alch           10%        N/A       52%         4
 Sticky Flame             Fire/Alch      6%         2d4       75%         4


Dungeon Overview and Level Annotations

Branches:
Dungeon (1/15)

Altars:


Message History

* * * LOW HITPOINT WARNING * * *
Aiming: Sting (safe; 10% risk of failure)
Press: ? - help, Q - select action Shift-Dir - straight line, f/p - jackal
Aim: a jackal (magical condensation, 60% to hit)
The sting misses the jackal.
The sting hits the jackal.
The jackal is poisoned.
The jackal is severely wounded.
The jackal closely misses you.
Aiming: Sting (safe; 10% risk of failure)
Press: ? - help, Q - select action Shift-Dir - straight line, f - jackal, p - jackal
Aim: a jackal (60% to hit)
The sting hits the jackal.
The jackal looks even sicker.
You kill the jackal!
Aiming: Sting (safe; 10% risk of failure)
Press: ? - help, Q - select action Shift-Dir - straight line, f/p - jackal
Aim: a jackal (magical condensation, 60% to hit)
The sting hits the jackal.
The jackal looks even sicker.
You kill the jackal!
The jackal bites you but does no damage.
As you read the scroll labelled KANKAA ASAENUC, it crumbles to dust.
You feel aware of your surroundings.
It was a scroll of revelation.
The jackal bites you but does no damage.
Found a stone staircase leading down.
You barely miss the jackal. The jackal misses you.
The jackal bites you but does no damage.
You barely miss the jackal. The jackal closely misses you.
You hit the jackal but do no damage. The jackal misses you.
You hit the jackal.
The jackal is moderately wounded.
The jackal barely misses you.
The jackal bites you but does no damage.
You hit the jackal but do no damage.
The jackal is moderately wounded.
The jackal bites you.
* * * LOW HITPOINT WARNING * * *
You barely miss the jackal.
The jackal is moderately wounded.
The jackal bites you.
* * * LOW HITPOINT WARNING * * *
The jackal bites you.
You die...

*#§*.♣*,,*§##,**,,* *,>,,,*
*⌠§♣♣.♣♣♣♣..#.##..##***,*****
#*♣§§∩.∩..♣°#.......,,,,*,,,,
*#.♣♣§...∩♣♣.#.##....,,,**,,,,
#.♣.§..8..∩.♣♣.##....,,,,,,,,,
*♣.∩.......∩♣..####.#,,*,*,,,,
****♣♣..8.<.8...♣......#,,,,,,,,,
*,,...§§°.....∩.♣#######*,**,,,,,
*,*#♣♣♣§..8..∩♣♣@#######*,**,,,,,
*,**,♣§§§...∩♣§h########*,,,,,***
,,,,§°♣♣♣∩.∩°§♣§########****,**
,,*##,,*♣..♣♣♣§§.....### *,,,*
,,*****..♣...♣♣§#.##.### *,,,*
,,,,,,..♣♣.♣♣##§..##.### *,,,* *
,,,***##*#.##.§.....>### *,,,* *
**,* *,,,..##........###***,,,***
*,* *,,,,,**,#...,h.*,,,,,,,,,,,


You could see a jackal.

Vanquished Creatures
  3 jackals (D:1)
3 creatures vanquished.

Notes
Turn   | Place    | Note
-------+----------+-------------------------------------------
     0 | D:1      | PublicAnimeNo1 the Demonspawn Alchemist began the quest for
                  | the Orb.
     0 | D:1      | Reached XP level 1. HP: 13/13 MP: 3/3
    35 | D:1      | Slain by a jackal

Illustrated notes

Levels and vault maps discovered:
D:1:      heliophobic_arrival_enchanted_forest, layout_loops_cross

Action                     || total
---------------------------++-------
  Melee: Unarmed           ||    12
   Cast: Sting             ||     7
    Use: Scroll            ||     1
         Potion            ||     1
 Armour: Robe              ||    15
  Dodge: Dodged            ||    11

Table legend: (Time is in decaauts)
 A = Elapsed time spent in this place.
 B = Non-inter-level travel time spent in this place.
 C = Inter-level travel time spent in this place.
 D = Time resting spent in this place.
 E = Time spent auto-exploring this place.
 F = Levels seen in this place.
 G = Mean time per level.
                   A        B        C        D        E       F      G
               +--------+--------+--------+--------+--------+-----+--------+
         Total |     35 |     35 |      0 |      0 |      5 |   1 |   35.0 |
       Dungeon |     35 |     35 |      0 |      0 |      5 |   1 |   35.0 |
               +--------+--------+--------+--------+--------+-----+--------+

Top non-repeatable levels by time:
     D:1: 35 daAuts
